 Dungeon Crawl Stone Soup version 0.30-a0-58-gc0703345a7 (webtiles) character file.

Game seed: 1949594255900493226

51 flotson the Sneak (level 3, -12/29 HPs)
             Began as a Demonspawn Delver on Sept 11, 2022.
             Killed by divine providence
             ... invoked by an orc priest
              (15 damage)
             ... on level 3 of the Dungeon.
             The game lasted 00:03:08 (3194 turns).

flotson the Sneak (Demonspawn Delver)               Turns: 3194, Time: 00:03:09

Health: -12/29     AC:  7    Str: 14    XL:     3   Next: 58%
Magic:  3/3        EV:  9    Int: 11    God:
Gold:   185        SH:  0    Dex: 14    Spells: 2/2 levels left

rFire   . . .      SeeInvis .    a - +0 quarterstaff
rCold   . . .      Faith    .    (shield currently unavailable)
rNeg    . . .      Spirit   .    l - +0 scale mail
rPois   .          Reflect  .    o - +0 helmet
rElec   .          Harm     .    (no cloak)
rCorr   .          Rampage  .    (no gloves)
Will    .....                    (no boots)
Stlth   +.........               (no amulet)
HPRegen 0.09/turn                (no ring)
MPRegen 0.08/turn                (no ring)

@: mighty
A: powered by pain 1
a: no special abilities


You were on level 3 of the Dungeon.
You visited 1 branch of the dungeon, and saw 5 of its levels.

You collected 185 gold pieces.

Inventory:

Hand Weapons
 a - a +0 quarterstaff (weapon)
 b - a +0 sling
 p - a +0 hand axe
Missiles
 i - 2 poisoned darts (quivered)
Armour
 l - a +0 scale mail (worn)
 o - a +0 helmet (worn)
Wands
 g - a wand of digging (3)
Scrolls
 c - a scroll of fog
 d - a scroll of magic mapping
 e - 2 scrolls of fear
 k - 3 scrolls of identify {unknown}
 n - a scroll of noise {unknown}
 q - a scroll of teleportation {unknown}
 r - 2 scrolls of immolation {unknown}
Potions
 f - a potion of haste
 h - 3 potions of heal wounds {unknown}
 j - a potion of lignification {unknown}
 m - a potion of might {unknown}
 s - a potion of degeneration {unknown}


   Skills:
 + Level 3.2 Fighting
 - Level 1.7 Axes
 + Level 0.8 Ranged Weapons
 + Level 1.0 Throwing
 + Level 0.9 Armour
 + Level 2.2 Dodging
 - Level 4.5 Stealth
 + Level 1.1 Evocations


You had 2 spell levels left.
You didn't know any spells.
Your spell library was empty.

Dungeon Overview and Level Annotations

Branches:
Dungeon (5/15)
 Temple: D:4-7

Altars:

Shops:
D:1 *

Annotations:
D:2 1 runed translucent door, Crazy Yiuf
D:3 Grinder


Innate Abilities, Weirdness & Mutations

You sometimes gain a little power by taking damage.


Message History

You climb downwards.
Level annotation: Grinder The orc priest shouts! x2
Found a robe.
There is a stone staircase leading up here.
The kobold closely misses you.
You climb upwards.
Level annotation: 1 runed translucent door, Crazy Yiuf
There is a stone staircase leading down here.
a - a +0 quarterstaff (weapon)
You closely miss the kobold. The kobold barely misses you.
You closely miss the kobold. The kobold hits you but does no damage.
The kobold hits you with a +0 club.
You hit the kobold.
You kill the kobold!
No target in view!
No target in view!
No target in view!
No target in view!
No target in view!
No target in view!
Things that are here:
a +0 club; a +0 chain mail You start resting.
HP restored.
There is a stone staircase leading down, spattered with blood here.
You climb downwards.
Level annotation: Grinder The orc shouts!
The orc priest invokes the aid of Beogh against you.
Beogh smites you!
You focus on the pain.
You feel very mighty all of a sudden.
There is a stone staircase leading up here.
The orc priest mumbles some strange prayers to Beogh against you.
Beogh smites you!
* * * LOW HITPOINT WARNING * * *
The orc priest calls down the wrath of Beogh upon you.
Beogh smites you!
Ouch! That really hurt!
You die...

.#...#.#...##...##
#.# #.
..#............## #.#
#. .#.#.#.#...###.#
####.# #.
.##........# #.#
#....# #. #.#####..#
#.# #.#.#### #. #.
#..###.# #.#)# #.
#..#[..# #.#)#### #.
..>#.#.### #.†....#
#.
..^.....@#.###...##.#
#.
#.#.#.#o...o.....#.#
#. .. ...........#.##
#. #.
..o..###.#.....###.
..
......##............
##
.#.....##.###....####
#.#.....##. #........
# ###.####. #########


You could see 2 orc priests and an orc.

Vanquished Creatures
  An adder (D:2)
  A dart slug (D:3)
  2 orcs (D:3)
  4 bats
  3 endoplasms
  5 goblins
  4 hobgoblins
  5 kobolds
  4 ball pythons
  4 frilled lizards
  5 rats
38 creatures vanquished.

Vanquished Creatures (others)
  4 plants (D:2)
4 creatures vanquished.

Grand Total: 42 creatures vanquished

Notes
Turn   | Place    | Note
-------+----------+-------------------------------------------
     0 | D:5      | flotson the Demonspawn Delver began the quest for the Orb.
     0 | D:5      | Reached XP level 1. HP: 18/18 MP: 1/1
    49 | D:5      | Noticed an iguana
   600 | D:1      | Gained mutation: You sometimes gain a little power by
                  | taking damage. [demonic ancestry]
   600 | D:1      | Reached XP level 2. HP: 24/24 MP: 2/2
   878 | D:1      | You fall into a shaft and drop 1 floor!
  1201 | D:1      | Found Vubiom's General Store.
  1712 | D:2      | Reached skill level 1 in Evocations
  1724 | D:2      | Found a runed translucent door.
  1725 | D:2      | Noticed Crazy Yiuf
  1931 | D:2      | Reached XP level 3. HP: 12/29 MP: 3/3
  2553 | D:3      | Reached skill level 1 in Throwing
  3123 | D:3      | Noticed Grinder
  3194 | D:3      | Killed from afar by an orc priest

Illustrated notes

Levels and vault maps discovered:
D:1:      lightli_molten_gateway, layout_basic, serial_shops, shop,
          nicolae_figureground_pulse
D:2:      layout_loops_ring, serial_bayou, serial_bayou_lake_a,
          serial_bayou_shore_b, serial_bayou_pond_c, serial_bayou_ford_a,
          uniq_crazy_yiuf_cottage
D:3:      layout_loops_ring, uniq_grinder
D:4:      layout_loops_corners, uniq_eustachio
D:5:      nicolae_cairo_tiling, layout_loops_ring,
          nicolae_tso_swordbearing_angel, minmay_temple_entry_glassed_door,
          nrook_campfire, uniq_edmund

Skill      XL: |  1  2  3 |
---------------+----------+-----
Dodging        | 2 |  2.2
Evocations     | 1 |  1.1
Throwing       | 1 |  1.0
Fighting       | |  3.2
Axes           | |  1.7
Ranged Weapons | |  0.8
Armour         | |  0.9
Stealth        | |  4.5

Action                   || total
-------------------------++-------
Melee: Hand axe          ||     6
       Quarterstaff      ||    10
 Fire: Sling             ||   107
 Stab: Sleeping          ||     2
Armor: Scale mail        ||    34
Dodge: Dodged            ||    36

Table legend: (Time is in decaauts)
 A = Elapsed time spent in this place.
 B = Non-inter-level travel time spent in this place.
 C = Inter-level travel time spent in this place.
 D = Time resting spent in this place.
 E = Time spent auto-exploring this place.
 F = Levels seen in this place.
 G = Mean time per level.
                   A        B        C        D        E       F      G
               +--------+--------+--------+--------+--------+-----+--------+
         Total |   3325 |   2979 |    346 |     24 |   2559 |   5 |  665.0 |
       Dungeon |   3325 |   2979 |    346 |     24 |   2559 |   5 |  665.0 |
               +--------+--------+--------+--------+--------+-----+--------+

Top non-repeatable levels by time:
     D:2: 1483 daAuts
     D:1: 1186 daAuts
     D:3: 538 daAuts
     D:5: 62 daAuts
     D:4: 55 daAuts
